TOP OF THE 1ST |
Evansville Triplets batting - Pitching for Wichita Aeros : RHP Greg A Harris
|
Pitching: RHP Greg A Harris
|
|
Batting: LHB Greg Gross
|
0-0: Ground out U3 (Groundball, 3L, EV 79.4 MPH)
|
Batting: RHB Cory Mihalic
|
0-0: Ball 1-0: Foul Ball, location: 2F 1-1: Ground out 5-3 (Groundball, 5L, EV 101.9 MPH)
|
Batting: LHB Lloyd Moseby
|
0-0: Ball 1-0: Ball 2-0: Ball 3-0: Ground out 4-3 (Groundball, 34, EV 88.1 MPH)
|
Top of the 1st over - 0 runs, 0 hits, 0 errors, 0 left on base; Evansville 0 - Wichita 0 |
BOTTOM OF THE 1ST |
Wichita Aeros batting - Pitching for Evansville Triplets : RHP Tom Henke
|
Pitching: RHP Tom Henke
|
|
Batting: LHB Jesus Ramos
|
0-0: Foul Ball, location: 2F 0-1: Hit by Pitch
|
Batting: RHB Greg Cypret
|
0-0: Foul Ball, location: 2F 0-1: Foul Ball, location: 2F 0-2: Fly out, F6 (Flyball, 56D, EV 77.5 MPH)
|
Batting: LHB Omar Guerrero
|
0-0: Ball 1-0: Called Strike 1-1: 2-RUN HOME RUN (Flyball, 89XD, EV 101.3 MPH), Distance : 388 ft
|
Batting: LHB Angel Matos
|
0-0: Ground out 3-1 (Groundball, 34, EV 81.9 MPH)
|
Batting: LHB James Pellack
|
0-0: Called Strike 0-1: Called Strike 0-2: Ground out 4-3 (Groundball, 4M, EV 89.4 MPH)
|
Bottom of the 1st over - 2 runs, 1 hit, 0 errors, 0 left on base; Evansville 0 - Wichita 2 |
TOP OF THE 2ND |
Evansville Triplets batting - Pitching for Wichita Aeros : RHP Greg A Harris
|
Batting: RHB Ron Kittle
|
0-0: Swinging Strike 0-1: Ball 1-1: Called Strike 1-2: Foul Ball, location: 2F 1-2: Ground out 6-3 (Groundball, 6, EV 80.6 MPH)
|
Batting: RHB Brook Jacoby
|
0-0: Swinging Strike 0-1: Ball 1-1: Ball 2-1: Ball 3-1: Called Strike 3-2: Strikes out looking
|
Batting: LHB Luis Alfaro
|
0-0: Called Strike 0-1: Fly out, F8 (Flyball, 8LXD, EV 83.1 MPH)
|
Top of the 2nd over - 0 runs, 0 hits, 0 errors, 0 left on base; Evansville 0 - Wichita 2 |
BOTTOM OF THE 2ND |
Wichita Aeros batting - Pitching for Evansville Triplets : RHP Tom Henke
|
Batting: RHB Gary House
|
0-0: Called Strike 0-1: Swinging Strike 0-2: Ball 1-2: Ball 2-2: Strikes out swinging
|
Batting: RHB Dave Stenhouse
|
0-0: Ball 1-0: Called Strike 1-1: Ball 2-1: Called Strike 2-2: Fly out, F9 (Flyball, 9, EV 73.8 MPH)
|
Batting: RHB Julio Collazo
|
0-0: Ground out 4-3 (Groundball, 4, EV 85.0 MPH)
|
Bottom of the 2nd over - 0 runs, 0 hits, 0 errors, 0 left on base; Evansville 0 - Wichita 2 |
TOP OF THE 3RD |
Evansville Triplets batting - Pitching for Wichita Aeros : RHP Greg A Harris
|
Batting: RHB Ed Putman
|
0-0: Called Strike 0-1: Ball 1-1: Ball 2-1: Ball 3-1: DOUBLE (Line Drive, 7LS, EV 100.0 MPH)
|
Batting: RHB Jaden Smith
|
0-0: Ball 1-0: Fly out, F8 (Line Drive, 8RD, EV 91.9 MPH)
|
Batting: RHB Ed Jurak
|
0-0: Called Strike 0-1: Ball 1-1: Foul Ball, location: 2F 1-2: Foul Ball, location: 2F 1-2: Ground out 6-3 (Groundball, 6, EV 95.6 MPH)
|
Batting: LHB Greg Gross
|
0-0: Called Strike 0-1: Ball 1-1: Ball 2-1: Ball 3-1: Base on Balls
|
Batting: RHB Cory Mihalic
|
0-0: Fly out, F9 (Flyball, 9, EV 90.0 MPH)
|
Top of the 3rd over - 0 runs, 1 hit, 0 errors, 2 left on base; Evansville 0 - Wichita 2 |
BOTTOM OF THE 3RD |
Wichita Aeros batting - Pitching for Evansville Triplets : RHP Tom Henke
|
Batting: RHB Victor Mabee
|
0-0: Ground out U3 (Groundball, 34, EV 95.6 MPH)
|
Batting: LHB Jesus Ramos
|
0-0: Called Strike 0-1: Fly out, F6 (Popup, 6M, EV 69.4 MPH)
|
Batting: RHB Greg Cypret
|
0-0: Ball 1-0: Ball 2-0: Ball 3-0: Called Strike 3-1: Foul Ball, location: 2F 3-2: Fly out, F4 (Popup, 34, EV 68.8 MPH)
|
Bottom of the 3rd over - 0 runs, 0 hits, 0 errors, 0 left on base; Evansville 0 - Wichita 2 |
TOP OF THE 4TH |
Evansville Triplets batting - Pitching for Wichita Aeros : RHP Greg A Harris
|
Batting: LHB Lloyd Moseby
|
0-0: Ground out 6-3 (Groundball, 6S, EV 85.0 MPH)
|
Batting: RHB Ron Kittle
|
0-0: Ball 1-0: SINGLE (Line Drive, 4D, EV 96.9 MPH)
|
Batting: RHB Brook Jacoby
|
0-0: Ball 1-0: Called Strike 1-1: Fly out, F8 (Flyball, 8RXD, EV 86.9 MPH)
|
Batting: LHB Luis Alfaro
|
0-0: Called Strike 0-1: Ball Ron Kittle is caught stealing 2nd base 2-6
|
Top of the 4th over - 0 runs, 1 hit, 0 errors, 0 left on base; Evansville 0 - Wichita 2 |
BOTTOM OF THE 4TH |
Wichita Aeros batting - Pitching for Evansville Triplets : RHP Tom Henke
|
Batting: LHB Omar Guerrero
|
0-0: Ground out 4-3 (Groundball, 4, EV 81.9 MPH)
|
Batting: LHB Angel Matos
|
0-0: Ball 1-0: Ball 2-0: Ball 3-0: Base on Balls
|
Batting: LHB James Pellack
|
0-0: Foul Ball, location: 2F 0-1: Fly out, F8 (Flyball, 8RD, EV 83.8 MPH)
|
Batting: RHB Gary House
|
0-0: Swinging Strike 0-1: Foul Ball, location: 2F 0-2: Ball 1-2: Foul Ball, location: 2F 1-2: Strikes out swinging
|
Bottom of the 4th over - 0 runs, 0 hits, 0 errors, 1 left on base; Evansville 0 - Wichita 2 |
TOP OF THE 5TH |
Evansville Triplets batting - Pitching for Wichita Aeros : RHP Greg A Harris
|
Batting: LHB Luis Alfaro
|
0-0: Foul Ball, location: 2F 0-1: Ball 1-1: DOUBLE (Line Drive, 9LS, EV 109.4 MPH)
|
Batting: RHB Ed Putman
|
0-0: Ball 1-0: Foul Ball, location: 2F 1-1: Called Strike 1-2: Foul Ball, location: 2F 1-2: Ball 2-2: Strikes out swinging
|
Batting: RHB Jaden Smith
|
0-0: Ball 1-0: Called Strike 1-1: 2-RUN HOME RUN (Flyball, 7D, EV 105.6 MPH), Distance : 380 ft
|
Batting: RHB Ed Jurak
|
0-0: Ball 1-0: Ball 2-0: Ground out 5-3 (Groundball, 5S, EV 65.0 MPH)
|
Batting: LHB Greg Gross
|
0-0: Foul Ball, location: 2F 0-1: Fly out, F8 (Line Drive, 8LM, EV 90.0 MPH)
|
Top of the 5th over - 2 runs, 2 hits, 0 errors, 0 left on base; Evansville 2 - Wichita 2 |
BOTTOM OF THE 5TH |
Wichita Aeros batting - Pitching for Evansville Triplets : RHP Tom Henke
|
Batting: RHB Dave Stenhouse
|
0-0: Ball 1-0: Swinging Strike 1-1: Ball 2-1: Fly out, F7 (Flyball, 78D, EV 102.5 MPH)
|
Batting: RHB Julio Collazo
|
0-0: Ball 1-0: Called Strike 1-1: Swinging Strike 1-2: Foul Ball, location: 2F 1-2: SINGLE (Groundball, 56D, EV 100.6 MPH)
|
Batting: RHB Victor Mabee
|
0-0: Foul Ball, location: 2F 0-1: Ball 1-1: Ball 2-1: Ball 3-1: Base on Balls Julio Collazo to second
|
Batting: LHB Jesus Ramos
|
0-0: Swinging Strike 0-1: Ball 1-1: Ball 2-1: Ball 3-1: Swinging Strike 3-2: Foul Ball, location: 2F 3-2: Ground out 5-3 (Groundball, 25, EV 71.9 MPH) Julio Collazo to third Victor Mabee to second
|
Batting: RHB Greg Cypret
|
0-0: Swinging Strike 0-1: Foul Ball, location: 2F 0-2: Ground out 6-3 (Groundball, 6, EV 105.0 MPH)
|
Bottom of the 5th over - 0 runs, 1 hit, 0 errors, 2 left on base; Evansville 2 - Wichita 2 |
TOP OF THE 6TH |
Evansville Triplets batting - Pitching for Wichita Aeros : RHP Greg A Harris
|
Batting: RHB Cory Mihalic
|
0-0: Foul Ball, location: 2F 0-1: Ground out U3 (Groundball, 34, EV 85.6 MPH)
|
Batting: LHB Lloyd Moseby
|
0-0: Called Strike 0-1: Ball 1-1: Ball 2-1: Ball 3-1: Base on Balls
|
Batting: RHB Ron Kittle
|
0-0: Called Strike 0-1: Ball 1-1: SINGLE (Groundball, 56D, EV 97.5 MPH) Lloyd Moseby to second
|
Batting: RHB Brook Jacoby
|
0-0: Foul Ball, location: 2F 0-1: Foul Ball, location: 2F 0-2: Ball 1-2: Ball 2-2: Ball 3-2: Foul Ball, location: 2F 3-2: Strikes out looking
|
Batting: LHB Luis Alfaro
|
0-0: Ground out U3 (Groundball, 34S, EV 86.9 MPH)
|
Top of the 6th over - 0 runs, 1 hit, 0 errors, 2 left on base; Evansville 2 - Wichita 2 |
BOTTOM OF THE 6TH |
Wichita Aeros batting - Pitching for Evansville Triplets : RHP Tom Henke
|
Batting: LHB Omar Guerrero
|
0-0: Swinging Strike 0-1: SINGLE (Flyball, 8LS, EV 100.6 MPH)
|
Batting: LHB Angel Matos
|
0-0: Ball 1-0: Swinging Strike 1-1: Swinging Strike 1-2: Strikes out swinging
|
Batting: LHB James Pellack
|
0-0: Fly out, F8 (Flyball, 8RD, EV 83.1 MPH)
|
Batting: RHB Gary House
|
0-0: Ball Omar Guerrero steals 2nd base 1-0: Called Strike 1-1: Swinging Strike 1-2: Ball 2-2: Strikes out swinging
|
Bottom of the 6th over - 0 runs, 1 hit, 0 errors, 1 left on base; Evansville 2 - Wichita 2 |
TOP OF THE 7TH |
Evansville Triplets batting - Pitching for Wichita Aeros : RHP Greg A Harris
|
Batting: RHB Ed Putman
|
0-0: Ball 1-0: Ball 2-0: Foul Ball, location: 2F 2-1: Called Strike 2-2: Foul Ball, location: 2F 2-2: Ball 3-2: Strikes out swinging
|
Batting: RHB Jaden Smith
|
0-0: Ball 1-0: Swinging Strike 1-1: Ball 2-1: Foul Ball, location: 2F 2-2: Ball 3-2: Strikes out swinging
|
Batting: RHB Ed Jurak
|
0-0: Called Strike 0-1: Ball 1-1: Called Strike 1-2: Foul Ball, location: 2F 1-2: Ground out 6-3 (Groundball, 6S, EV 93.8 MPH)
|
Top of the 7th over - 0 runs, 0 hits, 0 errors, 0 left on base; Evansville 2 - Wichita 2 |
BOTTOM OF THE 7TH |
Wichita Aeros batting - Pitching for Evansville Triplets : RHP Tom Henke
|
Batting: RHB Dave Stenhouse
|
0-0: Ball 1-0: Ball 2-0: Ball 3-0: Foul Ball, location: 2F 3-1: Foul Ball, location: 2F 3-2: Ground out 4-3 (Groundball, 4D, EV 109.4 MPH)
|
Batting: RHB Julio Collazo
|
0-0: Foul Ball, location: 2F 0-1: Ball 1-1: Ball 2-1: Swinging Strike 2-2: Ground out 5-3 (Groundball, 56, EV 101.9 MPH)
|
Batting: RHB Victor Mabee
|
0-0: Ball 1-0: Fly out, F7 (Flyball, 7S, EV 83.8 MPH)
|
Bottom of the 7th over - 0 runs, 0 hits, 0 errors, 0 left on base; Evansville 2 - Wichita 2 |
TOP OF THE 8TH |
Evansville Triplets batting - Pitching for Wichita Aeros : RHP Greg A Harris
|
Batting: LHB Greg Gross
|
0-0: Called Strike 0-1: Ball 1-1: Foul Ball, location: 2F 1-2: Foul Ball, location: 2F 1-2: Ball 2-2: Ball 3-2: Ground out 6-3 (Groundball, 56, EV 83.1 MPH)
|
Batting: RHB Cory Mihalic
|
0-0: Called Strike 0-1: Ground out 4-3 (Groundball, 4M, EV 84.4 MPH)
|
Batting: LHB Lloyd Moseby
|
0-0: Foul Ball, location: 2F 0-1: Called Strike 0-2: Foul Ball, location: 2F 0-2: Ball 1-2: Foul Ball, location: 2F 1-2: Foul Ball, location: 2F 1-2: Ball 2-2: Hit by Pitch
|
Batting: RHB Ron Kittle
|
0-0: Ball Lloyd Moseby is caught stealing 2nd base 2-4
|
Top of the 8th over - 0 runs, 0 hits, 0 errors, 0 left on base; Evansville 2 - Wichita 2 |
BOTTOM OF THE 8TH |
Wichita Aeros batting - Pitching for Evansville Triplets : RHP Tom Henke
|
Pitching: LHP Randy Niemann
|
|
Batting: LHB Jesus Ramos
|
0-0: Ball 1-0: SINGLE (Line Drive, 4D, EV 102.5 MPH)
|
Batting: RHB Greg Cypret
|
0-0: Bunt missed! 0-1: Bunted foul 0-2: Grounds into double play, 5-4-3 (Groundball, 5, EV 80.0 MPH)
|
Batting: LHB Omar Guerrero
|
0-0: Called Strike 0-1: Ball 1-1: Fly out, F9 (Flyball, 8RM, EV 88.8 MPH)
|
Bottom of the 8th over - 0 runs, 1 hit, 0 errors, 0 left on base; Evansville 2 - Wichita 2 |
TOP OF THE 9TH |
Evansville Triplets batting - Pitching for Wichita Aeros : RHP Greg A Harris
|
Pitching: RHP Joey McLaughlin
|
|
Batting: RHB Ron Kittle
|
0-0: Ball 1-0: Foul Ball, location: 2F 1-1: Foul Ball, location: 2F 1-2: Ball 2-2: Foul Ball, location: 2F 2-2: Ball 3-2: DOUBLE (Line Drive, 9LD, EV 105.6 MPH)
|
Batting: RHB Brook Jacoby
|
0-0: Intentional Walk
|
Batting: LHB Luis Alfaro
|
0-0: Bunt missed! 0-1: Bunt missed! 0-2: Ball 1-2: SINGLE (Line Drive, 8RS, EV 94.4 MPH) Ron Kittle to third Brook Jacoby to second Runner from 3rd tries for Home, SAFE, throw by CF to home
|
Batting: RHB Ed Putman
|
0-0: Called Strike 0-1: Called Strike 0-2: Strikes out swinging
|
Batting: RHB Jaden Smith
|
0-0: Ball 1-0: Called Strike 1-1: Foul Ball, location: 2F 1-2: Fly out, F9 (Line Drive, 9, EV 88.8 MPH)
|
Batting: RHB Ed Jurak
|
0-0: Called Strike 0-1: Swinging Strike 0-2: Ball 1-2: Ball 2-2: Fly out, F1 (Line Drive, P, EV 63.1 MPH)
|
Top of the 9th over - 1 run, 2 hits, 0 errors, 2 left on base; Evansville 3 - Wichita 2 |
BOTTOM OF THE 9TH |
Wichita Aeros batting - Pitching for Evansville Triplets : LHP Randy Niemann
|
Batting: SHB Gary Pettis
|
0-0: Ball 1-0: SINGLE (Groundball, 13S, EV 76.3 MPH) (infield hit)
|
Pinch Hitting: RHB Dave Hoenstine
|
0-0: Called Strike 0-1: Ball 1-1: Ball 2-1: Fly out, F8 (Flyball, 89M, EV 87.5 MPH)
|
Batting: RHB Gary House
|
0-0: Ball 1-0: Swinging Strike 1-1: Ball 2-1: Swinging Strike 2-2: Reached on error, E5 (Groundball, 56, EV 85.6 MPH) Gary Pettis to second
|
Batting: RHB Dave Stenhouse
|
0-0: Foul Ball, location: 2F 0-1: Swinging Strike 0-2: Fly out, F8 (Flyball, 89M, EV 89.4 MPH) Runner from 2nd tags up, SAFE at 3rd with throw by CF
|
Batting: RHB Julio Collazo
|
0-0: Foul Ball, location: 2F 0-1: Fly out, F3 (Popup, 23F, EV 83.1 MPH)
|
Bottom of the 9th over - 0 runs, 1 hit, 1 error, 2 left on base; Evansville 3 - Wichita 2 |
|